 Dungeon Crawl Stone Soup version 0.20.1-1-g8b1a95d (webtiles) character file.

574 keltmir the Changer (level 7, -1/52 HPs)
             Began as a Black Draconian Transmuter on Oct 31, 2017.
             Slain by an orc
             ... wielding a +0 trident
              (8 damage)
             ... on level 4 of the Dungeon.
             The game lasted 00:17:46 (4967 turns).

keltmir the Changer (Black Draconian Transmuter)    Turns: 4967, Time: 00:17:47

Health: -1/52      AC:  2    Str: 12    XL:     7   Next: 12%
Magic:  9/10       EV: 19    Int: 16    God:
Gold:   179        SH:  0    Dex: 16    Spells: 6/10 levels left

rFire    . . .     SeeInvis .     - Unarmed
rCold    . . .     Gourm    .   (shield currently unavailable)
rNeg     . . .     Faith    .   (armour unavailable)
rPois    x         Spirit   .   (helmet currently unavailable)
rElec    .         Reflect  .   (cloak currently unavailable)
rCorr    +         Harm     .   (gloves currently unavailable)
MR       .....                  (boots currently unavailable)
Stlth    +.........             (no amulet)
Regen    0.2/turn               p - ring of resist corrosion
MPRegen  0.2/turn               (no ring)

@: short of breath, spider-form (expiring)
A: (breathe lightning), unfitting armour, AC +6
a: End Transformation


You were on level 4 of the Dungeon.
You were not hungry.
You were a venomous arachnid creature.
You visited 1 branch of the dungeon, and saw 5 of its levels.

You collected 179 gold pieces.

Inventory:

Missiles
 a - 41 arrows
 g - 15 poisoned needles
 n - 7 tomahawks (quivered)
Armour
 j - a +0 pair of gloves (melded)
Jewellery
 p - a ring of resist corrosion (left front leg)
Scrolls
 e - a scroll of remove curse
 i - a scroll of noise {unknown}
 l - a scroll of teleportation {unknown}
 m - a scroll of identify
 t - a scroll of recharging {unknown}
Potions
 h - a potion of agility
 k - 3 potions of mutation
 o - a potion of invisibility {unknown}
 r - 2 potions of curing {unknown}
 s - a potion of ambrosia {unknown}
Books
 b - a book of Changes

   Spells                             Type                      Level
   a - Beastly Appendage              Transmutation                1
   b - Sticks to Snakes               Transmutation                2
   c - Spider Form                    Transmutation/Poison         3
   d - Ice Form                       Ice/Transmutation            4
   e - Blade Hands                    Transmutation                5
Comestibles
 c - 2 bread rations
 d - 6 fruits
 f - a meat ration
 q - 2 royal jellies


   Skills:
 - Level 1.1 Fighting
 - Level 1.7 Dodging
 - Level 3.0 Unarmed Combat
 - Level 2.0 Spellcasting
 * Level 7.9 Transmutations


You had 6 spell levels left.
You knew the following spells:

 Your Spells              Type           Power        Failure   Level  Hunger
a - Beastly Appendage     Tmut           ####..       4%          1    #......
b - Spider Form           Tmut/Pois      ##........   28%         3    ###....


Dungeon Overview and Level Annotations

Branches:
Dungeon (5/15)
 Temple: D:4-7

Altars:
Uskayaw
The Shining One

Annotations:
D:3 1 runed door


Innate Abilities, Weirdness & Mutations

((You can breathe wild blasts of lightning.))
((Your glossy black scales are hard. (AC +6)))
You cannot fit into any form of body armour.
((You are resistant to electric shocks. (rElec)))
((You are cold-blooded and may be slowed by cold attacks.))


Message History

You hit the orc wizard.
The orc wizard looks even sicker.
The orc wizard is moderately wounded.
The orc wizard begins to cast a cantrip, but forgets the words!
The orc barely misses you. The orc completely misses you.
You hit the orc wizard.
The orc wizard looks as sick as possible!
The orc wizard is severely wounded.
You kill the orc wizard!
The orc misses you. The orc hits you with a hand axe.
* * * LOW HITPOINT WARNING * * *
The orc hits you from afar with a trident.
* * * LOW HITPOINT WARNING * * *
The orc completely misses you.
Things that are here:
a dagger; a robe You are too injured to fight recklessly!
You hit the orc.
The orc is poisoned.
The orc is lightly wounded.
The orc hits you from afar with a trident!
You die...

######### ####.......#
..##.#####.## #.#.(...#...#
#####.#(.#.##..#########
.....oos..............>.
#####.##.#.##..#.#####..
#.##.#.......#####..
#†##................ ###
#######.##......#########. ..
.......................... .#
###########.###....###########
.###......).)#.# #......#
#.... ...'.......<.#.#
#.....## #....


You could see 2 orcs.

Vanquished Creatures
  Sigmund (D:4)
  A scorpion (D:4)
  A howler monkey (D:3)
  A hound (D:4)
  2 orc wizards (D:4)
  Jessica (D:2)
  2 worker ants (D:4)
  Terence (D:2)
  5 adders
  3 gnolls
  A worm (D:3)
  2 dart slugs
  3 leopard geckos
  9 orcs
  6 bats
  4 giant cockroaches
  3 hobgoblins
  9 jackals
  4 kobolds
  A ball python (D:2)
  6 frilled lizards
  6 goblins
  5 rats
77 creatures vanquished.

Notes
Turn   | Place    | Note
-------+----------+-------------------------------------------
     0 | D:1      | keltmir the Draconian Transmuter began the quest for the Orb.
     0 | D:1      | Reached XP level 1. HP: 16/16 MP: 3/3
    64 | D:1      | Reached XP level 2. HP: 23/23 MP: 3/5
   179 | D:1      | Reached skill level 3 in Transmutations
  1013 | D:1      | Reached XP level 3. HP: 28/28 MP: 4/6
  1019 | D:1      | Learned a level 3 spell: Spider Form
  1447 | D:2      | Noticed Jessica
  1459 | D:2      | Killed Jessica
  1459 | D:2      | Reached skill level 4 in Transmutations
  1648 | D:2      | Reached XP level 4. HP: 32/35 MP: 3/7
  1941 | D:2      | Noticed Terence
  1953 | D:2      | Killed Terence
  2405 | D:2      | Reached skill level 5 in Transmutations
  3156 | D:3      | Reached XP level 5. HP: 40/40 MP: 4/8
  3552 | D:4      | Found a glowing golden altar of the Shining One.
  3730 | D:3      | Found a runed door.
  4005 | D:3      | Reached skill level 6 in Transmutations
  4103 | D:5      | Entered Level 5 of the Dungeon
  4160 | D:4      | Reached XP level 6. HP: 47/47 MP: 5/9
  4623 | D:4      | Found a hide-covered altar of Uskayaw.
  4674 | D:4      | Noticed Sigmund
  4688 | D:4      | Killed Sigmund
  4688 | D:4      | Reached skill level 7 in Transmutations
  4832 | D:4      | Your scales start taking on a glossy black colour.
  4832 | D:4      | Reached XP level 7. HP: 45/52 MP: 7/10
  4832 | D:4      | Gained mutation: You are resistant to electric shocks. (rElec) [Black Draconian growth]
  4967 | D:4      | Slain by an orc

Skill      XL: |  1  2  3  4  5  6 |
---------------+-------------------+-----
Transmutations | 3 4 5 6 7 |  7.9
Fighting       | |  1.1
Dodging        | |  1.7
Unarmed Combat | |  3.0
Spellcasting   | |  2.0

Action                   |  1- 3 |  4- 6 |  7- 9 || total
-------------------------+-------+-------+-------++-------
Melee: Unarmed           |   125 |   164 |    23 ||   312
       Tailslap          |     9 |     1 |       ||    10
       Punch             |     3 |     2 |       ||     5
       Headbutt          |     1 |     1 |       ||     2
       Kick              |     1 |       |       ||     1
 Cast: Beastly Appendage |     6 |     1 |       ||     7
       Spider Form       |     2 |    18 |     2 ||    22
 Abil: Breathe Lightning |       |       |     1 ||     1
       End Transformatio |       |       |     1 ||     1
  Use: Scroll            |       |     4 |       ||     4
 Stab: Distracted        |     1 |       |       ||     1
       Sleeping          |       |     1 |       ||     1
  Eat: Chunk             |     3 |    11 |     2 ||    16
Armor: Skin              |    50 |    32 |     1 ||    83
Dodge: Dodged            |   111 |   125 |    16 ||   252
